 Dungeon Sprint DCSS version 0.19.0-9-gfd783f2 (webtiles) character file.

127 LORDOFBUTT the Covert (level 4, -6/21 HPs)
             Began as a Spriggan Enchanter on Nov 7, 2016.
             Mangled by a phantom (9 damage)
             ... in the Dungeon (Sprint IX: "|||||||||||||||||||||||||||||").
             The game lasted 00:01:00 (119 turns).

LORDOFBUTT the Covert (Spriggan Enchanter)           Turns: 119, Time: 00:01:01

Health: -6/21      AC:  3    Str:  5    XL:     4   Next: 85%
Magic:  7/12       EV: 18    Int: 16    God:
Gold:   0          SH:  0    Dex: 16    Spells: 2 memorised, 11 levels left

rFire  . . .     SeeInvis +     a - +1 dagger
rCold  . . .     Gourm    .     b - +1 robe
rNeg   . . .     Faith    .     (shield restricted)
rPois  .         Spirit   .     (helmet restricted)
rElec  .         Reflect  .     (no cloak)
rCorr  .         Harm     .     (gloves unavailable)
MR     .....     NoTele   +     (boots unavailable)
Stlth  +++++.....               (no amulet)
                                (no ring)
                                (no ring)

@: exhausted, very slightly contaminated, hasted and slowed, very quick
A: unfitting armour, see invisible, herbivore 3, speed 3, slow metabolism 2
a: no special abilities


You were in the Dungeon.
You were not hungry.

You visited 1 branch

Inventory:

Hand Weapons
 a - a +1 dagger (weapon)
Armour
 b - a +1 robe (worn)
Scrolls
 j - a scroll of blinking
Potions
 f - a potion of heal wounds
 h - 2 potions of magic
Books
 c - a book of Maledictions

   Spells                             Type                      Level
   a - Corona                         Hexes                        1
   b - Ensorcelled Hibernation        Hexes/Ice                    2
   c - Confuse                        Hexes                        3
   d - Tukima's Dance                 Hexes                        3
   e - Dazzling Spray                 Conjuration/Hexes            3
Comestibles
 d - a bread ration


   Skills:
 + Level 4.7 Short Blades
 - Level 3.0 Dodging
 * Level 10.3 Stealth
 + Level 5.9 Spellcasting
 + Level 6.2 Hexes


You had 11 spell levels left.
You knew the following spells:

 Your Spells              Type           Power        Failure   Level  Hunger
a - Corona                Hex            ###....      1%          1    None
b - Ensorcelled Hibernat  Hex/Ice        ##....       8%          2    #......


Dungeon Overview and Level Annotations

Branches:
Dungeon (1/1)

Altars:


Innate Abilities, Weirdness & Mutations

You are very small and have problems with some larger weapons.
You are too small for most types of armour.
You have supernaturally acute eyesight. (SInv)
You are a herbivore.
You cover ground extremely quickly.
You need consume almost no food.


Message History

You hit the phantom but do no damage. The phantom hits you.
You hit the phantom but do no damage. The phantom hits you.
* * * LOW HITPOINT WARNING * * *
You closely miss the phantom. The phantom completely misses you.
The phantom hits you.
* * * LOW HITPOINT WARNING * * *
You completely miss the phantom. The phantom misses you.
You hit the phantom but do no damage. The phantom misses you.
You feel yourself speed up. The phantom closely misses you.
You are very lightly contaminated with residual magic.
You hit the phantom but do no damage. The phantom misses you.
You barely miss the phantom.
The phantom blinks!
You closely miss the phantom. You hit the phantom.
The phantom is lightly damaged.
The phantom completely misses you.
You completely miss the phantom.
The phantom is lightly damaged.
The phantom hits you!
You die...

▓†▓
▓†▓
▓)▓
▓)▓
▓.▓
▓.▓
▓'▓
▓)▓
▓@▓
▓W▓
▓.▓
▓.▓
▓+▓


You could see a phantom.

Vanquished Creatures
  An ogre (D)
  A jelly (D)
  An adder (D)
  A goblin (D)
  A jackal (D)
  A kobold (D)
  2 bats (D)
  A rat (D)
9 creatures vanquished.

Notes
Turn   | Place    | Note
-------+----------+-------------------------------------------
     0 | D        | LORDOFBUTT the Spriggan Enchanter began the quest for the Orb.
     0 | D        | Reached XP level 1. HP: 9/9 MP: 5/5
     7 | D        | Reached skill level 5 in Stealth
    40 | D        | Noticed an ogre
    40 | D        | Noticed a phantom
    40 | D        | Noticed a jelly
    42 | D        | Killed an ogre
    42 | D        | Reached skill level 9 in Stealth
    42 | D        | Reached skill level 5 in Spellcasting
    42 | D        | Reached skill level 5 in Hexes
    42 | D        | Reached XP level 2. HP: 13/13 MP: 6/9
    42 | D        | Reached XP level 3. HP: 16/16 MP: 6/10
    42 | D        | Reached XP level 4. HP: 21/21 MP: 7/12
    57 | D        | Learned a level 2 spell: Ensorcelled Hibernation
    79 | D        | Reached skill level 10 in Stealth
   119 | D        | Mangled by a phantom

Skill      XL: |  1  2  3  4 |
---------------+-------------+-----
Stealth        | 9 10 | 10.3
Spellcasting   | 5 |  5.9
Short Blades   | 4 |  4.7
Hexes          | 5 6 |  6.2
Dodging        | |  3.0

Action                   |  1- 3 |  4- 6 || total
-------------------------+-------+-------++-------
Melee: Dagger            |    12 |    36 ||    48
 Cast: Ensorcelled Hiber |       |     4 ||     4
  Use: Potion            |       |     3 ||     3
 Stab: Sleeping          |     3 |       ||     3
Armor: Robe              |     1 |     3 ||     4
Dodge: Dodged            |     7 |    32 ||    39
